 Dungeon Crawl Stone Soup version 0.32-a0-643-ga006e7742e (webtiles) character file.

Game seed: 15369956980266419092

1775 bearlyready the Skirmisher (level 9, -2/91 HPs)
             Began as a Coglin Hunter on Mar 7, 2024.
             Was a Follower of Fedhas.
             Slain by a hornet (9 damage)
             ... on level 7 of the Dungeon.
             The game lasted 00:06:44 (4659 turns).

bearlyready the Skirmisher (Coglin Hunter)          Turns: 4659, Time: 00:06:44

Health: -2/91      AC: 14    Str: 11    XL:     9   Next: 8%
Magic:  11/11      EV:  9    Int:  9    God:    Fedhas [*.....]
Gold:   273        SH:  0    Dex: 22    Spells: 8/8 levels left

rFire   . . .        a - +2 sling {Cyneburga}
rCold   + . .        d - +0 sling {Sanghe}
rNeg    . . .        y - +7 Kryia's mail coat {PotionHeal*2 rC+}
rPois   .            r - +0 helmet
rElec   .            (no cloak)
rCorr   .            (no gloves)
SInv    .            (no boots)
Will    .....        (amulet unavailable) Stlth
                     (ring unavailable)
HPRegen 0.35/turn    (ring unavailable)
MPRegen 0.12/turn    (no gizmo)

%: no passive effects
@: mighty, berserking, lethally poisoned (-2 -> -5), slowed, revving
A: off-hand wielding, slow wielding, warmup strikes, no jewellery
a: Invent Gizmo, Renounce Religion


You were on level 7 of the Dungeon.
You worshipped Fedhas.
Fedhas was aware of your devotion.
You visited 2 branches of the dungeon, and saw 8 of its levels.

You collected 287 gold pieces.
You spent 14 gold pieces at shops.

Inventory:

Hand Weapons
 a - a +2 sling (weapon) {Cyneburga}
 d - a +0 sling (offhand) {Sanghe}
Missiles
 j - 2 throwing nets
 u - 7 poisoned darts
Armour
 c - a +0 leather armour
 r - a +0 helmet (worn)
 y - the +7 Kryia's mail coat (worn) {PotionHeal*2 rC+}
   (You found it on level 4 of the Dungeon)

   PotionHeal*2: Potions heal its wearer twice as much.
   rC+:       It protects you from cold.
 A - +0 gold dragon scales
Wands
 b - a wand of polymorph (13)
 F - a wand of charming (7)
Scrolls
 f - a scroll of fear {unknown}
 g - a scroll of blinking {unknown}
 h - a scroll of fog
 i - a scroll of noise
 k - 2 scrolls of enchant weapon
 l - 2 scrolls of revelation {unknown}
 n - 4 scrolls of identify
 o - a scroll of enchant armour {unknown}
 p - 3 scrolls of vulnerability
 t - a scroll of teleportation {unknown}
 v - 2 scrolls of amnesia {unknown}
 D - a scroll of torment {unknown}
Potions
 e - a potion of degeneration {unknown}
 m - 2 potions of heal wounds
 q - 3 potions of brilliance
 s - a potion of cancellation {unknown}
 w - a potion of might
 z - a potion of curing {unknown}
 B - a potion of magic {unknown}
 C - a potion of attraction {unknown}
 E - a potion of haste {unknown}


   Skills:
 - Level 2.0 Fighting
 + Level 9.4 Ranged Weapons
 - Level 1.7 Dodging
 - Level 0.7 Stealth
 - Level 3.1 Invocations
 + Level 6.3 Evocations


You had 8 spell levels left.
You didn't know any spells.
Your spell library contained the following spells:

 Spells                   Type           Power      Damage    Failure   Level
 Mercury Vapours          Alch/Air       0%         N/A       98%         2
 Gell's Gravitas          Tloc           0%         N/A       100%        3
 Mephitic Cloud           Conj/Alch/Air  0%         N/A       100%        3
 Teleport Other           Tloc           0%         N/A       100%        3
 Freezing Cloud           Conj/Ice/Air   0%         6-21      100%        5
 Dispersal                Tloc           0%         N/A       100%        6


Dungeon Overview and Level Annotations

Branches:
Dungeon (7/15)             Temple (1/1) D:5

Altars:
Ashenzari
Cheibriados
Dithmenos
Elyvilon
Fedhas
Gozag
Hepliaklqana
Kikubaaqudgha
Makhleb
Nemelex Xobeh
Okawaru
Qazlal
Ru
Sif Muna
Trog
Uskayaw
Wu Jian
Xom
Yredelemnul
Zin
The Shining One

Shops:
D:1 *   D:6 (

Annotations:
D:1 2 transporters


Innate Abilities, Weirdness & Mutations

You can wield a second weapon in your off-hand.
It takes a long time for you to wield or remove held weapons.
Your first few attacks do less damage.
You cannot equip rings or amulets.


Message History

You feel as though you will be slow longer.
The hornet closely misses you.
The hornet stings you but does no damage.
Aiming: Charm
Press: ? - help, Shift-Dir - straight line, f/p - hornet
Aim: a hornet (moderately wounded, chance to affect: 55%)
Okay, then.
Fire: a) +2 sling {Cyneburga}
Press: ? - help, Q - select action, (/) - cycle Shift-Dir - straight line, f/p - hornet
Aim: a hornet (moderately wounded, 57% to hit)
You shoot a sling bullet.
The sling bullet hits the hornet but does no damage.
The hornet is moderately wounded.
You shoot a sling bullet.
The sling bullet barely misses the hornet.
The hornet closely misses you. The hornet stings you.
You are poisoned.
You feel as though you will be slow longer.
The hornet completely misses you.
It was a potion of might.
You feel very mighty all of a sudden.
You feel very sick. The hornet stings you!
* * * LOW HITPOINT WARNING * * *
You suddenly lose the ability to move!
The hornet stings you but does no damage.
You feel sick. The hornet stings you.
* * * LOW HITPOINT WARNING * * *
You shrug off the repeated paralysis!
You can move again.
It was a potion of berserk rage.
A red film seems to cover your vision as you go berserk!
You feel yourself moving faster!
You feel mighty!
You feel sick. The hornet stings you!
* * * LOW HITPOINT WARNING * * *
You feel as though you will be slow longer.
The hornet stings you but does no damage.
The hornet stings you!
You die...
Fedhas appreciates your contribution to the ecosystem.

####.#.### ##.......##
....#
####....####.........#
...........+.........+
#.##.....###.........#
#.##...#.# ##.......##
#.#.###..# ##.....##
#.#.# #..# ##..>##
#.#.###..# ##'##
#.##...#.# #@#
#........# #y#
#####.#### #)# #.# ...
#.# .†. #.# #...# #.#
##.## #.. ... ###


You could see a hornet.

Vanquished Creatures
  Grinder (D:6)
  Sigmund (D:4)
  Menkaure (D:6)
  Edmund (D:4)
  A water moccasin (D:7)
  A black bear (D:5)
  2 ogres
  A phantom (D:4)
  A bullfrog (D:7)
  2 scorpions
  3 howler monkeys (D:7)
  A hound (D:6)
  3 orc priests
  4 iguanas
  2 orc wizards (D:4)
  Robin (D:2)
  3 gnolls (D:4)
  4 adders
  A shadow imp (D:6)
  A white imp (D:7)
  A ribbon worm (D:4)
  2 dart slugs
  8 orcs
  6 endoplasms
  6 giant cockroaches
  9 goblins
  10 hobgoblins
  2 jackals (D:2)
  5 kobolds
  4 quokkas
  8 ball pythons
  4 bats
  A frilled lizard (D:1)
  9 rats (D:1)
110 creatures vanquished.

Notes
Turn   | Place    | Note
-------+----------+-------------------------------------------
     0 | D:1      | bearlyready the Coglin Hunter began the quest for the Orb.
     0 | D:1      | Reached XP level 1. HP: 16/16 MP: 1/1
    51 | D:1      | Reached skill level 4 in Ranged Weapons
    51 | D:1      | Reached XP level 2. HP: 13/22 MP: 2/2
   266 | D:1      | Found Meckur's General Store.
   280 | D:1      | Bought a scroll of noise for 14 gold pieces
   282 | D:1      | Reached XP level 3. HP: 27/27 MP: 3/3
  1224 | D:2      | Reached skill level 5 in Ranged Weapons
  1224 | D:2      | Reached XP level 4. HP: 33/33 MP: 4/4
  1342 | D:2      | Noticed Robin
  1375 | D:2      | Killed Robin
  1590 | D:3      | You fall into a shaft and drop 3 floors!
  1631 | D:5      | Entered Level 5 of the Dungeon
  1674 | D:5      | Noticed a black bear
  1679 | D:5      | Killed a black bear
  1680 | D:5      | Reached skill level 6 in Ranged Weapons
  1680 | D:5      | Reached XP level 5. HP: 36/38 MP: 5/5
  1788 | D:5      | Found a staircase to the Ecumenical Temple.
  1797 | D:5      | Reached XP level 6. HP: 31/44 MP: 6/6
  1799 | Temple   | Entered the Ecumenical Temple
  1820 | Temple   | Became a worshipper of Fedhas Madash
  2056 | D:5      | Reached skill level 7 in Ranged Weapons
  2338 | D:4      | HP: 1/44 [orc priest/divine providence (16)]
  2342 | D:4      | Reached XP level 7. HP: 32/50 MP: 7/7
  2475 | D:4      | Noticed Edmund
  2501 | D:4      | HP: 1/50 [Edmund/+1 flail of protection (9)]
  2513 | D:4      | Killed Edmund
  2514 | D:4      | Reached skill level 8 in Ranged Weapons
  2875 | D:4      | Reached * piety under Fedhas
  2883 | D:4      | Reached skill level 1 in Invocations
  2883 | D:4      | Reached skill level 1 in Evocations
  2907 | D:4      | Reached XP level 8. HP: 41/56 MP: 7/9
  3200 | D:4      | Found the +7 Kryia's mail coat {PotionHeal*2 rC+}
  3399 | D:4      | Noticed Sigmund
  3411 | D:4      | Killed Sigmund
  3722 | D:6      | Noticed Menkaure
  3728 | D:6      | Killed Menkaure
  4067 | D:6      | Noticed Grinder
  4075 | D:6      | Killed Grinder
  4076 | D:6      | Reached skill level 9 in Ranged Weapons
  4076 | D:6      | Reached skill level 5 in Evocations
  4142 | D:6      | Found Gafeus's Weapon Shoppe.
  4142 | D:6      | Noticed a +0 executioner's axe
  4144 | D:6      | Noticed a +0 giant club
  4627 | D:7      | Reached XP level 9. HP: 61/61 MP: 11/11
  4650 | D:7      | Noticed a hornet
  4657 | D:7      | Paralysed by a hornet for 2 turns
  4659 | D:7      | Slain by a hornet

Illustrated notes

Levels and vault maps discovered:
D:1:      spicycebolla_arrival_transporter_tutorial, layout_basic, serial_shops,
          shop, hangedman_abyss_or_decor_stabs, minmay_rat_gold_closets
D:2:      layout_loops_ring, uniq_robin
D:3:      layout_basic, nicolae_vehumet_altar_sigil, reono_crystal_passage
D:4:      layout_basic, serial_glass, glass_columns_b, glass_columns_b,
          minmay_strange_pillars, hangedman_decor_diamond_cutter, uniq_sigmund,
          uniq_edmund
D:5:      layout_loops_ring, minmay_temple_entry_arrows
D:6:      layout_loops_ring, serial_shops, nicolae_shop_mannequins,
          uniq_grinder, uniq_menkaure
D:7:      layout_loops_corners, minmay_holes, uniq_joseph, uniq_maggie
Temple:   mainiacjoe_temple_circle_huts

Skill      XL: |  1  2  3  4  5  6  7  8  9 |
---------------+----------------------------+-----
Ranged Weapons | 4 5 6 7 8 9 |  9.4
Invocations    | 1 3 |  3.1
Evocations     | 2 5 6 |  6.3
Fighting       | |  2.0
Dodging        | |  1.7
Stealth        | |  0.7

Action                     |  1- 3 |  4- 6 |  7- 9 || total
---------------------------+-------+-------+-------++-------
  Melee: Unarmed           |       |       |     7 ||     7
   Fire: Sling             |   162 |   176 |   330 ||   668
    Use: Potion            |       |     2 |     3 ||     5
         Scroll            |       |     1 |     3 ||     4
 Armour: Leather armour    |    10 |    25 |    16 ||    51
         Skin              |       |       |    12 ||    12
         Scale mail        |       |       |    42 ||    42
         Gold dragon scale |       |       |     2 ||     2
  Dodge: Dodged            |    12 |    15 |    34 ||    61

Table legend: (Time is in decaauts)
 A = Elapsed time spent in this place.
 B = Non-inter-level travel time spent in this place.
 C = Inter-level travel time spent in this place.
 D = Time resting spent in this place.
 E = Time spent auto-exploring this place.
 F = Levels seen in this place.
 G = Mean time per level.
                   A        B        C        D        E       F      G
               +--------+--------+--------+--------+--------+-----+--------+
         Total |   4717 |   4587 |    130 |     10 |   3845 |   8 |  589.6 |
       Dungeon |   4672 |   4584 |     88 |     10 |   3845 |   7 |  667.4 |
        Temple |     44 |      2 |     42 |      0 |      0 |   1 |   44.0 |
               +--------+--------+--------+--------+--------+-----+--------+

Top non-repeatable levels by time:
     D:4: 1375 daAuts
     D:1: 910 daAuts
     D:6: 734 daAuts
     D:2: 693 daAuts
     D:5: 603 daAuts
     D:7: 346 daAuts
  Temple: 44 daAuts
     D:3: 8 daAuts
